 Dungeon Crawl Stone Soup version 0.31-a0-1074-g0b22e4e0f1 (webtiles) character file.

Game seed: 6214937589353701364

1589 croobank the Ruffian (level 8, -2/53 (61) HPs)
             Began as a Gnoll Shapeshifter on Dec 2, 2023.
             Was a Believer of Trog.
             Slain by Jeremiah
             ... wielding a +4 trident of draining
              (11 damage)
             ... on level 6 of the Dungeon.
             The game lasted 00:17:24 (4148 turns).

croobank the Ruffian (Gnoll Shapeshifter)           Turns: 4148, Time: 00:17:25

HP:   -2/53 (61)    AC:  8    Str: 13    XL:     8   Next: 92%
MP:   13/13         EV: 12    Int: 12    God:    Trog [**....]
Gold: 210           SH:  0    Dex: 12    Spells: 14/14 levels left

rFire   . . .        e - +2 demon whip (elec)
rCold   . . .        (no shield)
rNeg    + + .        o - +3 ring mail of Bespelled Knowledge {rN++}
rPois   .            (helmet currently unavailable)
rElec   .            (cloak currently unavailable)
rCorr   .            (gloves currently unavailable)
SInv    .            (boots currently unavailable)
Will    .....        (no amulet)
Stlth   ++           (no ring)
HPRegen 0.28/turn    (no ring)
MPRegen 0.13/turn

%: no passive effects
@: brilliant, beast-form, heavily drained
A: beast (slay +4), fangs 1, strong nose, distributed training
a: Begin Untransformation, Renounce Religion, Berserk, Trog's Hand


You were on level 6 of the Dungeon.
You worshipped Trog.
Trog was pleased with you.
You were a hulking beast.
You visited 1 branch of the dungeon, and saw 7 of its levels.
You also visited: Ossuary.

You collected 210 gold pieces.

Inventory:

Hand Weapons
 e - a +2 demon whip of electrocution (weapon)
 i - a +1 dagger of draining
 k - a +1 dagger of speed
 q - a +2 dagger of pain
 t - a +2 heavy spear
Missiles
 g - 5 poisoned darts
 y - 2 boomerangs
Armour
 o - the +3 ring mail of Bespelled Knowledge (worn) {rN++}
   (You found it on level 5 of the Dungeon)

   rN++:      It greatly protects you from negative energy.
Talismans
 c - a beast talisman
 d - a flux talisman
 v - a serpent talisman
Wands
 m - a wand of acid (23)
 w - a wand of paralysis (9) (quivered)
 C - a wand of iceblast (4)
Scrolls
 f - a scroll of blinking
 s - a scroll of revelation {unknown}
 z - a scroll of fog {unknown}
 A - a scroll of fear {unknown}
 B - a scroll of teleportation
Potions
 b - a potion of lignification
 h - 2 potions of mutation
 j - 2 potions of cancellation
 l - 3 potions of resistance
 p - 3 potions of curing
 r - a potion of berserk rage {unknown}
 u - a potion of haste {unknown}
 x - 2 potions of attraction {unknown}


   Skills:
 + Level 4.6 Fighting
 + Level 3.7 Short Blades
 + Level 3.7 Long Blades
 + Level 3.7 Axes
 + Level 3.7 Maces & Flails
 + Level 3.7 Polearms
 + Level 3.7 Staves
 + Level 3.7 Ranged Weapons
 + Level 3.7 Throwing
 + Level 3.7 Armour
 + Level 6.0 Dodging
 + Level 3.7 Stealth
 + Level 3.7 Shields
 + Level 7.6 Unarmed Combat
 + Level 3.7 Spellcasting
 + Level 3.1 Conjurations
 + Level 3.1 Hexes
 + Level 3.1 Summonings
 + Level 3.1 Necromancy
 + Level 3.1 Translocations
 + Level 3.1 Transmutations
 + Level 3.1 Fire Magic
 + Level 3.1 Ice Magic
 + Level 3.1 Air Magic
 + Level 3.1 Earth Magic
 + Level 3.1 Poison Magic
 + Level 4.1 Invocations
 + Level 3.7 Evocations
 + Level 7.4 Shapeshifting


You had 14 spell levels left.
You didn't know any spells.
Your spell library was empty.

Dungeon Overview and Level Annotations

Branches:
Dungeon (7/15)             Temple (0/1) D:4         Ossuary (visited)

Altars:
Dithmenos
Sif Muna
Trog
Zin

Annotations:
D:6 Jeremiah


Innate Abilities, Weirdness & Mutations

You are a hulking beast.
Your limbs bulge with bestial killing power. (Slay +4)
You have very sharp teeth.
Your uncanny sense of smell can sniff out nearby items.
Your experience applies equally to all skills.


Message History

You miss Jeremiah. You bite Jeremiah.
Jeremiah is lightly wounded.
The butterfly disappears in a burst of colours! x3
Jeremiah hits you with a +4 trident of draining!
You partially resist.
You feel drained.
You miss Jeremiah. You bite Jeremiah, but do no damage.
Jeremiah is lightly wounded.
Jeremiah hits you with a +4 trident of draining.
You partially resist.
You feel drained.
You whack Jeremiah! Your punch misses Jeremiah. You bite Jeremiah.
Jeremiah is heavily wounded.
The butterfly disappears in a burst of colours!
Jeremiah barely misses you.
You closely miss Jeremiah.
Jeremiah is heavily wounded.
The butterfly disappears in a burst of colours!
Jeremiah hits you with a +4 trident of draining!
* * * LOW HITPOINT WARNING * * *
You partially resist.
You feel drained.
* * * LOW HITPOINT WARNING * * *
You whack Jeremiah! You bite Jeremiah, but do no damage.
Jeremiah is severely wounded.
The butterfly disappears in a burst of colours!
Jeremiah hits you with a +4 trident of draining.
* * * LOW HITPOINT WARNING * * *
You partially resist.
You feel drained.
You whack Jeremiah!
Jeremiah is almost dead.
The butterfly disappears in a burst of colours! x2
Jeremiah hits you with a +4 trident of draining.
* * * LOW HITPOINT WARNING * * *
You partially resist.
You feel drained.
It was a potion of brilliance.
You feel clever all of a sudden. Jeremiah closely misses you.
It was a potion of curing.
You feel better.
The butterfly disappears in a burst of colours!
Jeremiah hits you with a +4 trident of draining!
You die...
Jeremiah says, "O terrible one, your will is done."

## ############## #b
.............. #b
####.##.######
..####F#######.##.##
...bbbbh..>).((#.†.##
.b..bb..b.#####.....####
..####b##b#.............
#. #.#.###.....####
#.##.#.# ##...##
#.#>...# ##.##
#......>..:..#
#.#...##.##### #.#####
.#


You could see Jeremiah.

Vanquished Creatures
  Grinder (D:4)
  A water moccasin (D:6)
  2 black bears (D:5)
  Duvessa (D:5)
  2 ogres
  A phantom (D:4)
  A bullfrog (D:6)
  A scorpion (D:6)
  Dowan (D:5)
  A human zombie (Ossuary)
  A centaur zombie (Ossuary)
  2 hounds
  A sleepcap (D:5)
  Ijyb (D:3)
  An iguana (D:5)
  An orc wizard (D:5)
  Natasha (twice) (D:4)
  4 mummies (Ossuary)
  4 gnolls (D:3)
  7 adders
  A white imp (D:4)
  2 ufetubi (D:5)
  3 worms
  5 dart slugs
  8 orcs
  8 ball pythons
  6 endoplasms
  5 giant cockroaches
  6 goblins
  9 hobgoblins
  4 quokkas
  11 bats
  5 frilled lizards
  A gnoll zombie (Ossuary)
  2 hobgoblin zombies (Ossuary)
  6 kobolds
  3 orc zombies (Ossuary)
  4 rats
125 creatures vanquished.

Notes
Turn   | Place    | Note
-------+----------+-------------------------------------------
     0 | D:1      | croobank the Gnoll Shapeshifter began the quest for the
                  | Orb.
     0 | D:1      | Reached XP level 1. HP: 17/17 MP: 1/1
     3 | D:1      | Noticed an electric eel
     4 | D:1      | Noticed an electric eel
    34 | D:1      | Reached XP level 2. HP: 22/23 MP: 2/2
   323 | D:1      | Reached XP level 3. HP: 27/28 MP: 3/3
   761 | D:2      | Found a faded altar of an unknown god.
   764 | D:2      | Prayed at the altar of an unknown god.
   764 | D:2      | Became a worshipper of Trog the Wrathful
   764 | D:2      | Reached * piety under Trog
   796 | D:2      | Reached skill level 1 in Invocations
   924 | D:2      | Reached skill level 1 in Short Blades
   924 | D:2      | Reached skill level 1 in Long Blades
   924 | D:2      | Reached skill level 1 in Axes
   924 | D:2      | Reached skill level 1 in Maces & Flails
   924 | D:2      | Reached skill level 1 in Polearms
   924 | D:2      | Reached skill level 1 in Staves
   924 | D:2      | Reached skill level 1 in Ranged Weapons
   924 | D:2      | Reached skill level 1 in Throwing
   924 | D:2      | Reached skill level 1 in Armour
   924 | D:2      | Reached skill level 1 in Stealth
   924 | D:2      | Reached skill level 1 in Shields
   924 | D:2      | Reached skill level 1 in Spellcasting
   924 | D:2      | Reached skill level 1 in Evocations
  1089 | D:2      | Reached XP level 4. HP: 34/34 MP: 5/5
  1380 | D:2      | Found a glowing silver altar of Zin.
  1703 | D:3      | Noticed Ijyb
  1712 | D:3      | Killed Ijyb
  1713 | D:3      | Reached skill level 1 in Conjurations
  1713 | D:3      | Reached skill level 1 in Hexes
  1713 | D:3      | Reached skill level 1 in Summonings
  1713 | D:3      | Reached skill level 1 in Necromancy
  1713 | D:3      | Reached skill level 1 in Translocations
  1713 | D:3      | Reached skill level 1 in Transmutations
  1713 | D:3      | Reached skill level 1 in Fire Magic
  1713 | D:3      | Reached skill level 1 in Ice Magic
  1713 | D:3      | Reached skill level 1 in Air Magic
  1713 | D:3      | Reached skill level 1 in Earth Magic
  1713 | D:3      | Reached skill level 1 in Poison Magic
  1955 | D:3      | Reached XP level 5. HP: 40/40 MP: 5/7
  2236 | D:3      | Found a shadowy altar of Dithmenos.
  2428 | D:4      | Reached ** piety under Trog
  2486 | D:4      | Noticed Natasha
  2490 | D:4      | Killed Natasha
  2512 | D:4      | Reached XP level 6. HP: 30/47 MP: 8/8
  2640 | D:4      | Noticed Natasha
  2654 | D:4      | Killed Natasha
  2704 | D:4      | Reached skill level 5 in Dodging
  3001 | D:4      | Noticed Grinder
  3012 | D:4      | Killed Grinder
  3013 | D:4      | Reached XP level 7. HP: 52/52 MP: 10/10
  3181 | D:4      | Found a staircase to the Ecumenical Temple.
  3218 | D:4      | Found a shimmering blue altar of Sif Muna.
  3253 | D:5      | Entered Level 5 of the Dungeon
  3278 | D:5      | Identified the +3 ring mail of Bespelled Knowledge {rN++}
  3306 | D:5      | Noticed Dowan
  3307 | D:5      | Noticed Duvessa
  3321 | D:5      | Killed Duvessa
  3322 | D:5      | Killed Dowan
  3326 | D:5      | Reached XP level 8. HP: 53/60 MP: 10/12
  3424 | D:5      | Found a sand-covered staircase.
  3437 | Ossuary  | Entered an ossuary
  3804 | D:5      | You fall into a shaft and drop 1 floor!
  4017 | D:6      | Noticed Jeremiah
  4148 | D:6      | Slain by Jeremiah

Illustrated notes

Levels and vault maps discovered:
D:1:      arrival_aquarium_b, layout_loops_ring, corexii_hall_statues_l
D:2:      layout_basic, nicolae_ecumenical_pavilion, basic_altar
D:3:      layout_loops_ring, general_overflow_altar, serial_glass,
          glass_columns_a, glass_columns_a, grunt_decor_cap, uniq_ijyb
D:4:      layout_cave_pools, nicolae_sif_muna_little_library, temple_hall,
          chequers_mini_garden, minmay_misc_feat_four_crosses,
          grunt_decor_clamped, uniq_natasha, uniq_grinder
D:5:      layout_cave_pools, enter_ossuary_3, goddamned_bats,
          uniq_crazy_yiuf_cottage, uniq_duvessa
D:6:      layout_loops_ring, uniq_edmund, uniq_jeremiah
D:7:      layout_cave_pools, dk_rats_in_the_wall

Skill      XL: |  1  2  3  4  5  6  7  8 |
---------------+-------------------------+-----
Invocations    | 1 2 3 4 |  4.1
Short Blades   | 1 2 3 |  3.7
Long Blades    | 1 2 3 |  3.7
Axes           | 1 2 3 |  3.7
Maces & Flails | 1 2 3 |  3.7
Polearms       | 1 2 3 |  3.7
Staves         | 1 2 3 |  3.7
Ranged Weapons | 1 2 3 |  3.7
Throwing       | 1 2 3 |  3.7
Armour         | 1 2 3 |  3.7
Stealth        | 1 2 3 |  3.7
Shields        | 1 2 3 |  3.7
Spellcasting   | 1 2 3 |  3.7
Evocations     | 1 2 3 |  3.7
Conjurations   | 1 2 3 |  3.1
Hexes          | 1 2 3 |  3.1
Summonings     | 1 2 3 |  3.1
Necromancy     | 1 2 3 |  3.1
Translocations | 1 2 3 |  3.1
Transmutations | 1 2 3 |  3.1
Fire Magic     | 1 2 3 |  3.1
Ice Magic      | 1 2 3 |  3.1
Air Magic      | 1 2 3 |  3.1
Earth Magic    | 1 2 3 |  3.1
Poison Magic   | 1 2 3 |  3.1
Fighting       | 3 4 |  4.6
Dodging        | 5 6 |  6.0
Unarmed Combat | 7 |  7.6
Shapeshifting  | 7 |  7.4

Action                     |  1- 3 |  4- 6 |  7- 9 || total
---------------------------+-------+-------+-------++-------
  Melee: Unarmed           |    67 |       |       ||    67
         Bite              |     5 |    16 |    27 ||    48
         Dagger            |    10 |    98 |       ||   108
         Punch             |     1 |     4 |     1 ||     6
         Demon whip        |       |    21 |   115 ||   136
  Throw: Dart              |       |    16 |     3 ||    19
 Invoke: Berserk           |       |     3 |     1 ||     4
  Evoke: Wand              |       |       |     2 ||     2
    Use: Scroll            |       |     6 |     2 ||     8
         Potion            |       |       |     3 ||     3
   Stab: Sleeping          |     3 |     2 |     2 ||     7
 Armour: Animal skin       |    28 |    42 |       ||    70
         Ring mail         |       |       |    88 ||    88
  Dodge: Dodged            |    31 |    58 |    55 ||   144

Table legend: (Time is in decaauts)
 A = Elapsed time spent in this place.
 B = Non-inter-level travel time spent in this place.
 C = Inter-level travel time spent in this place.
 D = Time resting spent in this place.
 E = Time spent auto-exploring this place.
 F = Levels seen in this place.
 G = Mean time per level.
                   A        B        C        D        E       F      G
               +--------+--------+--------+--------+--------+-----+--------+
         Total |   4117 |   4006 |    111 |    550 |   2408 |   8 |  514.6 |
       Dungeon |   3877 |   3766 |    111 |    508 |   2378 |   7 |  553.9 |
       Ossuary |    240 |    240 |      0 |     42 |     30 |   1 |  240.0 |
               +--------+--------+--------+--------+--------+-----+--------+

Top non-repeatable levels by time:
     D:4: 885 daAuts
     D:2: 810 daAuts
     D:3: 774 daAuts
     D:1: 755 daAuts
     D:5: 309 daAuts
     D:6: 263 daAuts
 Ossuary: 240 daAuts
     D:7: 77 daAuts
